IL
FRESNO GRIZZLIES @ NORFOLK TIDES
07/09/2048
 
TOP OF THE 1ST
Fresno Grizzlies batting - Pitching for Norfolk Tides : LHP Mark Gehring
Pitching: LHP Mark Gehring
Batting: RHB Dale Young 0-0: Ground out 6-3 (Groundball, 6, EV 82.5 MPH)
Batting: RHB Mark Marks 0-0: Foul Ball, location: 2F
0-1: Called Strike
0-2: Foul Ball, location: 2F
0-2: Foul Ball, location: 2F
0-2: Ball
1-2: Foul Ball, location: 2F
1-2: Strikes out looking
Batting: LHB Angelo Vasquez 0-0: Fly out, F7 (Flyball, 7, EV 83.1 MPH)
Top of the 1st over - 0 runs, 0 hits, 0 errors, 0 left on base; Fresno 0 - Norfolk 0
BOTTOM OF THE 1ST
Norfolk Tides batting - Pitching for Fresno Grizzlies : RHP Andy Montelongo
Pitching: RHP Andy Montelongo
Batting: RHB Bobby Melillo 0-0: Foul Ball, location: 2F
0-1: Ground out 6-3 (Groundball, 6M, EV 82.5 MPH)
Batting: RHB Mario Saez 0-0: Called Strike
0-1: Called Strike
0-2: Strikes out swinging
Batting: LHB Wes Goscinski 0-0: Called Strike
0-1: Ball
1-1: Ball
2-1: Called Strike
2-2: Foul Ball, location: 2F
2-2: Foul Ball, location: 2F
2-2: Foul Ball, location: 2F
2-2: Ball
3-2: Foul Ball, location: 2F
3-2: Foul Ball, location: 2F
3-2: Strikes out swinging
Bottom of the 1st over - 0 runs, 0 hits, 0 errors, 0 left on base; Fresno 0 - Norfolk 0
TOP OF THE 2ND
Fresno Grizzlies batting - Pitching for Norfolk Tides : LHP Mark Gehring
Batting: RHB Elijah Hunter 0-0: Foul Ball, location: 2F
0-1: Ball
1-1: Called Strike
1-2: Foul Ball, location: 2F
1-2: Foul Ball, location: 2F
1-2: Ball
2-2: Strikes out swinging
Batting: LHB Mark Dearth 0-0: Called Strike
0-1: Foul Ball, location: 2F
0-2: Ball
1-2: SINGLE (Flyball, 34D, EV 94.4 MPH)
Batting: RHB Sam Spohn 0-0: Ball
1-0: Called Strike
1-1: Swinging Strike
1-2: Grounds into double play, 3-6-3 (Groundball, 3, EV 81.9 MPH)
Top of the 2nd over - 0 runs, 1 hit, 0 errors, 0 left on base; Fresno 0 - Norfolk 0
BOTTOM OF THE 2ND
Norfolk Tides batting - Pitching for Fresno Grizzlies : RHP Andy Montelongo
Batting: RHB Ernie Weathersbee 0-0: Foul Ball, location: 2F
0-1: Foul Ball, location: 2F
0-2: Foul Ball, location: 2F
0-2: Ball
1-2: Ball
2-2: SINGLE (Groundball, 4MD, EV 94.4 MPH)
Batting: RHB Kory Sanchez 0-0: Called Strike
0-1: Foul Ball, location: 2F
0-2: Foul Ball, location: 2F
0-2: Foul Ball, location: 2F
0-2: Strikes out looking
Batting: LHB Pat Shaddock 0-0: Ball
Ernie Weathersbee is caught stealing 2nd base 2-6
1-0: Foul Ball, location: 2F
1-1: Fly out, F9 (Line Drive, 9, EV 85.0 MPH)
Bottom of the 2nd over - 0 runs, 1 hit, 0 errors, 0 left on base; Fresno 0 - Norfolk 0
TOP OF THE 3RD
Fresno Grizzlies batting - Pitching for Norfolk Tides : LHP Mark Gehring
Batting: LHB Bob Dietz 0-0: Ball
1-0: Foul Ball, location: 2F
1-1: Ball
2-1: Ground out 4-3 (Groundball, 4S, EV 93.8 MPH)
Batting: RHB Nick Deegan 0-0: DOUBLE (Line Drive, 89D, EV 106.2 MPH)
Batting: RHB Workneh Lagat 0-0: Called Strike
0-1: Foul Ball, location: 2F
0-2: Ball
1-2: Ball
2-2: Ball
3-2: Strikes out swinging
Batting: RHB Dale Young 0-0: Ball
1-0: Swinging Strike
1-1: Reached on error, E5 (Groundball, 56, EV 88.8 MPH)
Nick Deegan scores
Batting: RHB Mark Marks 0-0: Called Strike
0-1: Ball
1-1: Swinging Strike
1-2: Foul Ball, location: 2F
1-2: Ball
2-2: Ground out 1-3 (Groundball, 13, EV 67.5 MPH)
Top of the 3rd over - 1 run, 1 hit, 1 error, 1 left on base; Fresno 1 - Norfolk 0
BOTTOM OF THE 3RD
Norfolk Tides batting - Pitching for Fresno Grizzlies : RHP Andy Montelongo
Batting: RHB Bobby Scholl 0-0: Ball
1-0: Ball
2-0: Ball
3-0: Called Strike
3-1: Swinging Strike
3-2: Base on Balls
Batting: RHB Travis Carter 0-0: Called Strike
0-1: Called Strike
0-2: Ball
1-2: Grounds into double play, 5-4-3 (Groundball, 56, EV 88.1 MPH)
Batting: LHB James Betron 0-0: Called Strike
0-1: Ball
1-1: Swinging Strike
1-2: Ball
2-2: Strikes out swinging
Bottom of the 3rd over - 0 runs, 0 hits, 0 errors, 0 left on base; Fresno 1 - Norfolk 0
TOP OF THE 4TH
Fresno Grizzlies batting - Pitching for Norfolk Tides : LHP Mark Gehring
Batting: LHB Angelo Vasquez 0-0: Ball
1-0: Ball
2-0: Called Strike
2-1: Ball
3-1: Called Strike
3-2: Fly out, F1 (Popup, P, EV 77.5 MPH)
Batting: RHB Elijah Hunter 0-0: Ball
1-0: Ball
2-0: Swinging Strike
2-1: SINGLE (Line Drive, 34, EV 95.6 MPH)
Batting: LHB Mark Dearth 0-0: Fly out, F9 (Flyball, 9D, EV 86.2 MPH)
Batting: RHB Sam Spohn 0-0: Called Strike
0-1: Ball
Pickoff Throw to First - Out! 1-3
Top of the 4th over - 0 runs, 1 hit, 0 errors, 0 left on base; Fresno 1 - Norfolk 0
BOTTOM OF THE 4TH
Norfolk Tides batting - Pitching for Fresno Grizzlies : RHP Andy Montelongo
Batting: RHB Bobby Melillo 0-0: Ball
1-0: Called Strike
1-1: Ball
2-1: Ball
3-1: Foul Ball, location: 2F
3-2: Foul Ball, location: 2F
3-2: Strikes out swinging
Batting: RHB Mario Saez 0-0: Ball
1-0: Swinging Strike
1-1: Called Strike
1-2: Ball
2-2: Strikes out swinging
Batting: LHB Wes Goscinski 0-0: Ball
1-0: Ground out U3 (Groundball, 3, EV 86.9 MPH)
Bottom of the 4th over - 0 runs, 0 hits, 0 errors, 0 left on base; Fresno 1 - Norfolk 0
TOP OF THE 5TH
Fresno Grizzlies batting - Pitching for Norfolk Tides : LHP Mark Gehring
Batting: RHB Sam Spohn 0-0: Ball
1-0: Ball
2-0: Ball
3-0: Base on Balls
Batting: LHB Bob Dietz 0-0: Ball
Sam Spohn is caught stealing 2nd base 2-6
1-0: Fly out, F9 (Line Drive, 89M, EV 93.8 MPH)
Batting: RHB Nick Deegan 0-0: Called Strike
0-1: Ground out U3 (Groundball, 3, EV 77.5 MPH)
Top of the 5th over - 0 runs, 0 hits, 0 errors, 0 left on base; Fresno 1 - Norfolk 0
BOTTOM OF THE 5TH
Norfolk Tides batting - Pitching for Fresno Grizzlies : RHP Andy Montelongo
Batting: RHB Ernie Weathersbee 0-0: Called Strike
0-1: Ball
1-1: Called Strike
1-2: Ball
2-2: Ground out 6-3 (Groundball, 6, EV 81.2 MPH)
Batting: RHB Kory Sanchez 0-0: Foul Ball, location: 2F
0-1: Ball
1-1: Fly out, F4 (Line Drive, 4, EV 66.2 MPH)
Batting: LHB Pat Shaddock 0-0: Called Strike
0-1: Ball
1-1: Swinging Strike
1-2: Fly out, F9 (Flyball, 89S, EV 88.8 MPH)
Bottom of the 5th over - 0 runs, 0 hits, 0 errors, 0 left on base; Fresno 1 - Norfolk 0
TOP OF THE 6TH
Fresno Grizzlies batting - Pitching for Norfolk Tides : LHP Mark Gehring
Batting: RHB Workneh Lagat 0-0: Swinging Strike
0-1: Called Strike
0-2: Foul Ball, location: 2F
0-2: Ball
1-2: Foul Ball, location: 2F
1-2: Foul Ball, location: 2F
1-2: Strikes out looking
Batting: RHB Dale Young 0-0: Ball
1-0: DOUBLE (Groundball, 5L, EV 105.6 MPH)
Batting: RHB Mark Marks 0-0: Intentional Walk
Batting: LHB Angelo Vasquez 0-0: Ball
1-0: Called Strike
1-1: Ball
Wild Pitch!
Dale Young to third
Mark Marks to second
2-1: Ground out 4-3 (Groundball, 4, EV 90.6 MPH)
Batting: RHB Elijah Hunter 0-0: Called Strike
0-1: Ball
1-1: Foul Ball, location: 2F
1-2: Strikes out swinging
Top of the 6th over - 0 runs, 1 hit, 0 errors, 2 left on base; Fresno 1 - Norfolk 0
BOTTOM OF THE 6TH
Norfolk Tides batting - Pitching for Fresno Grizzlies : RHP Andy Montelongo
Batting: RHB Bobby Scholl 0-0: Ball
1-0: Ball
2-0: Called Strike
2-1: Called Strike
2-2: Ball
3-2: Strikes out swinging
Batting: RHB Travis Carter 0-0: Ball
1-0: Swinging Strike
1-1: Ball
2-1: Called Strike
2-2: Foul Ball, location: 2F
2-2: Foul Ball, location: 2F
2-2: Ball
3-2: Ground out 4-3 (Groundball, 4, EV 81.9 MPH)
Batting: LHB James Betron 0-0: Called Strike
0-1: Swinging Strike
0-2: Ball
1-2: Ball
2-2: Foul Ball, location: 2F
2-2: Foul Ball, location: 2F
2-2: Ball
3-2: Strikes out swinging
Bottom of the 6th over - 0 runs, 0 hits, 0 errors, 0 left on base; Fresno 1 - Norfolk 0
TOP OF THE 7TH
Fresno Grizzlies batting - Pitching for Norfolk Tides : LHP Mark Gehring
Pitching: RHP Ryan Hemmerich
Batting: LHB Mark Dearth 0-0: Ball
1-0: Fly out, F5 (Flyball, 56D, EV 81.2 MPH)
Batting: RHB Sam Spohn 0-0: Called Strike
0-1: Called Strike
0-2: Ball
1-2: Ball
2-2: Strikes out swinging
Batting: LHB Bob Dietz 0-0: Fly out, F4 (Popup, 4M, EV 68.1 MPH)
Top of the 7th over - 0 runs, 0 hits, 0 errors, 0 left on base; Fresno 1 - Norfolk 0
BOTTOM OF THE 7TH
Norfolk Tides batting - Pitching for Fresno Grizzlies : RHP Andy Montelongo
Pitching: RHP Michael Bruce
Batting: RHB Bobby Melillo 0-0: Ball
1-0: Ground out 4-3 (Groundball, 4, EV 110.6 MPH)
Batting: RHB Mario Saez 0-0: Called Strike
0-1: Foul Ball, location: 2F
0-2: Foul Ball, location: 2F
0-2: Strikes out swinging
Batting: LHB Wes Goscinski 0-0: Foul Ball, location: 2F
0-1: Ball
1-1: Called Strike
1-2: Strikes out looking
Bottom of the 7th over - 0 runs, 0 hits, 0 errors, 0 left on base; Fresno 1 - Norfolk 0
TOP OF THE 8TH
Fresno Grizzlies batting - Pitching for Norfolk Tides : RHP Ryan Hemmerich
Batting: RHB Nick Deegan 0-0: Swinging Strike
0-1: Ball
1-1: Called Strike
1-2: Foul Ball, location: 2F
1-2: Ball
2-2: Ball
3-2: Ground out 1-3 (Groundball, 15S, EV 67.5 MPH)
Batting: RHB Workneh Lagat 0-0: Foul Ball, location: 2F
0-1: Ball
1-1: Foul Ball, location: 2F
1-2: Strikes out looking
Batting: RHB Dale Young 0-0: Ball
1-0: Foul Ball, location: 2F
1-1: Ball
2-1: SINGLE (Flyball, 8LS, EV 85.6 MPH)
Batting: RHB Mark Marks 0-0: Called Strike
0-1: SINGLE (Groundball, 34D, EV 108.1 MPH)
Dale Young to second
Runner from 2nd tries for 3rd, SAFE, throw by RF made to third
Batting: LHB Angelo Vasquez 0-0: Fielders Choice at 2nd, 6-4 (Groundball, 6, EV 105.0 MPH)
Top of the 8th over - 0 runs, 2 hits, 0 errors, 2 left on base; Fresno 1 - Norfolk 0
BOTTOM OF THE 8TH
Norfolk Tides batting - Pitching for Fresno Grizzlies : RHP Michael Bruce
Batting: RHB Ernie Weathersbee 0-0: Fly out, F7 (Flyball, 78M, EV 93.8 MPH)
Batting: RHB Kory Sanchez 0-0: Ball
1-0: Called Strike
1-1: Ball
2-1: Foul Ball, location: 2F
2-2: Strikes out swinging
Batting: LHB Pat Shaddock 0-0: SINGLE (Line Drive, 4D, EV 101.2 MPH)
Batting: RHB Bobby Scholl 0-0: Ball
1-0: Called Strike
1-1: Foul Ball, location: 2F
1-2: Foul Ball, location: 2F
1-2: Ball
2-2: Foul Ball, location: 2F
2-2: Ball
3-2: Fly out, F4 (Line Drive, 4, EV 73.8 MPH)
Bottom of the 8th over - 0 runs, 1 hit, 0 errors, 1 left on base; Fresno 1 - Norfolk 0
TOP OF THE 9TH
Fresno Grizzlies batting - Pitching for Norfolk Tides : RHP Ryan Hemmerich
Batting: RHB Elijah Hunter 0-0: Ball
1-0: Called Strike
1-1: Foul Ball, location: 2F
1-2: DOUBLE (Line Drive, 78D, EV 106.2 MPH)
Batting: LHB Mark Dearth 0-0: Foul Ball, location: 2F
0-1: Foul Ball, location: 2F
0-2: Ball
1-2: Ball
2-2: Foul Ball, location: 2F
2-2: Ground out 4-3 (Groundball, 4D, EV 100.0 MPH)
Elijah Hunter to third
Batting: RHB Sam Spohn 0-0: Called Strike
0-1: Foul Ball, location: 2F
0-2: Ball
1-2: Foul Ball, location: 2F
1-2: SINGLE (Groundball, 4M, EV 103.8 MPH)
Elijah Hunter scores
Batting: LHB Bob Dietz 0-0: Foul Ball, location: 2F
0-1: Ball
1-1: DOUBLE (Line Drive, 7LM, EV 103.1 MPH)
Sam Spohn to third
Runner from 3rd tries for Home, SAFE, throw by LF to home
Batting: RHB Nick Deegan 0-0: Called Strike
0-1: Foul Ball, location: 2F
0-2: Fly out, F7 (Flyball, 7LD, EV 96.2 MPH)
Batting: RHB Workneh Lagat 0-0: Ball
1-0: Ball
2-0: Foul Ball, location: 2F
2-1: Foul Ball, location: 2F
2-2: Ball
3-2: Foul Ball, location: 2F
3-2: SINGLE (Groundball, 4MD, EV 103.8 MPH)
Bob Dietz to third
Runner from 3rd tries for Home, SAFE, throw by CF to home
Workneh Lagat to second
Pitching: LHP Kichisaburo Sakuma
Batting: RHB Dale Young 0-0: Ground out 5-3 (Groundball, 56S, EV 75.6 MPH)
Top of the 9th over - 3 runs, 4 hits, 0 errors, 1 left on base; Fresno 4 - Norfolk 0
BOTTOM OF THE 9TH
Norfolk Tides batting - Pitching for Fresno Grizzlies : RHP Michael Bruce
Pitching: RHP Bobby Leija
Batting: RHB Travis Carter 0-0: Ball
1-0: Foul Ball, location: 2F
1-1: Called Strike
1-2: Foul Ball, location: 2F
1-2: Ball
2-2: Strikes out swinging
Batting: LHB James Betron 0-0: Ball
1-0: Called Strike
1-1: Foul Ball, location: 2F
1-2: Fly out, F9 (Flyball, 9, EV 96.9 MPH)
Batting: RHB Bobby Melillo 0-0: Ball
1-0: Swinging Strike
1-1: Ball
2-1: Foul Ball, location: 2F
2-2: Foul Ball, location: 2F
2-2: Ground out 5-3 (Groundball, 5, EV 88.8 MPH)
Bottom of the 9th over - 0 runs, 0 hits, 0 errors, 0 left on base; Fresno 4 - Norfolk 0
Tuesday, March 28th , 2023 - OOTP Baseball 23.10 Build 110